 Dungeon Crawl Stone Soup version 0.30-a0-726-gd89dcf765f (webtiles) character file.

Game seed: 16337097134920623895

195 hikkokomori the Grasshopper (level 5, 0/31 HPs)
             Began as a Deep Elf Wanderer on Jan 30, 2023.
             Was a High Priest of Ignis.
             Slain by an orc
             ... wielding a +1 short sword of draining
              (1 damage)
             ... on level 3 of the Dungeon.
             The game lasted 00:04:22 (2013 turns).

hikkokomori the Grasshopper (Deep Elf Wanderer)     Turns: 2013, Time: 00:04:22

Health: 0/31       AC: 12    Str: 11    XL:     5   Next: 45%
Magic:  9/9        EV:  9    Int: 18    God:    Ignis [*****.]
Gold:   172        SH:  0    Dex: 13    Spells: 6/7 levels left

rFire   + . .      SeeInvis .    a - +2 mace
rCold   . . .      Faith    .    (no shield)
rNeg    . . .      Spirit   .    g - +0 ring mail
rPois   .          Reflect  .    (no helmet)
rElec   .          Harm     .    (no cloak)
rCorr   .          Rampage  .    (no gloves)
Will    .....                    (no boots)
Stlth   ++                       (no amulet)
HPRegen 0.25/turn                (no ring)
MPRegen 0.11/turn                (no ring)

@: fiery-armoured
A: no striking features
a: Renounce Religion, Fiery Armour, Foxfire Swarm, Rising Flame


You were on level 3 of the Dungeon.
You worshipped Ignis.
Ignis was extremely pleased with you.
You visited 1 branch of the dungeon, and saw 3 of its levels.

You collected 172 gold pieces.

Inventory:

Hand Weapons
 a - a +2 mace (weapon)
 c - a +0 dagger
 k - a +2 dagger of pain
Missiles
 b - 13 poisoned darts (quivered)
Armour
 e - a +0 robe
 g - a +0 ring mail (worn)
Jewellery
 q - a +6 ring of strength
Wands
 u - a wand of iceblast (5)
Scrolls
 d - a scroll of fear
 f - a scroll of blinking
 h - a scroll of teleportation {unknown}
 i - a scroll of magic mapping {unknown}
 m - a scroll of poison {unknown}
 n - 2 scrolls of identify {unknown}
 t - 2 scrolls of torment
Potions
 j - 2 potions of mutation {unknown}
 l - a potion of invisibility {unknown}
 o - 2 potions of curing {unknown}
 p - a potion of brilliance {unknown}
 r - a potion of haste {unknown}
 s - a potion of attraction {unknown}
 v - a potion of ambrosia {unknown}
 w - a potion of magic {unknown}
 x - a potion of might {unknown}


   Skills:
 + Level 2.6 Fighting
 - Level 2.9 Maces & Flails
 - Level 1.0 Throwing
 - Level 1.0 Armour
 + Level 3.9 Stealth
 - Level 1.5 Spellcasting
 + Level 4.0 Translocations


You had 6 spell levels left.
You knew the following spells:

 Your Spells              Type           Power      Damage    Failure   Level
a - Apportation           Tloc           30%        N/A       9%          1

Your spell library contained the following spells:

 Spells                   Type           Power      Damage    Failure   Level
 Teleport Other           Tloc           15%        N/A       26%         3


Dungeon Overview and Level Annotations

Branches:
Dungeon (3/15)

Altars:
Ignis


Message History

A protective cloak of flame settles atop you.
You hit the orc.
The orc is almost dead.
The orc hits you but does no damage.
The orc is burned by your cloak of flames.
You kill the orc!
You closely miss the orc priest. The orc priest misses you.
You hit the orc priest.
The orc priest is lightly wounded.
The orc priest calls down the wrath of Beogh upon you.
You struggle to resist.
You closely miss the orc priest.
The orc priest is lightly wounded.
The orc priest barely misses you.
You hit the orc priest.
The orc priest is heavily wounded.
The orc priest mumbles some strange prayers to Beogh against you.
Beogh smites you!
* * * LOW HITPOINT WARNING * * *
The orc priest mumbles some strange prayers to Beogh against you.
Pain shoots through your body!
* * * LOW HITPOINT WARNING * * *
You are too injured to fight recklessly!
You barely miss the orc priest.
The orc priest is heavily wounded.
An orc comes into view.
It is wielding a +1 short sword of draining.
The orc priest begins to cast a cantrip, but forgets the words!
You hit the orc priest.
The orc priest is severely wounded.
The orc priest miscasts a cantrip.
You completely miss the orc priest.
The orc priest is severely wounded.
The orc priest hits you with a +0 hand axe.
* * * LOW HITPOINT WARNING * * *
The orc priest is burned by your cloak of flames.
You kill the orc priest!
Your Translocations skill increases to level 4!
You hit the orc but do no damage.
The orc hits you with a +1 short sword of draining.
You die...

#....#####.#
###### #...#
#.### ####.#
#....#
##.###
#.####
#....#
####@# #o#
..# ....
#####


You could see an orc.

Vanquished Creatures
  A necrophage (D:3)
  An orc priest (D:3)
  4 adders (D:2)
  A dart slug (D:1)
  2 orcs (D:3)
  5 ball pythons
  3 bats
  10 endoplasms
  3 giant cockroaches
  8 goblins
  5 hobgoblins
  2 jackals (D:3)
  6 kobolds
  2 quokkas (D:2)
  7 frilled lizards
  6 rats
66 creatures vanquished.

Notes
Turn   | Place    | Note
-------+----------+-------------------------------------------
     0 | D:1      | hikkokomori the Deep Elf Wanderer began the quest for the
                  | Orb.
     0 | D:1      | hikkokomori set off with the following items: a +2 mace, 8
                  | poisoned darts, a +0 dagger, a scroll of fear, a +0 robe;
                  | and the following spell memorised: Apportation; and the
                  | following spells available to memorise: Teleport Other.
     0 | D:1      | Reached XP level 1. HP: 12/12 MP: 5/5
    52 | D:1      | Reached skill level 1 in Stealth
    96 | D:1      | Reached XP level 2. HP: 14/16 MP: 6/6
   240 | D:1      | Found a faded altar of an unknown god.
   254 | D:1      | Prayed at the altar of an unknown god.
   254 | D:1      | Became a worshipper of Ignis, the Dying Flame
   475 | D:1      | Reached XP level 3. HP: 20/20 MP: 7/7
   878 | D:2      | Reached skill level 3 in Translocations
  1080 | D:2      | Reached XP level 4. HP: 9/26 MP: 8/8
  1765 | D:3      | Noticed a necrophage
  1774 | D:3      | Killed a necrophage
  1775 | D:3      | Reached XP level 5. HP: 22/31 MP: 9/9
  2012 | D:3      | HP: 1/31 [orc priest/+0 hand axe (3)]
  2013 | D:3      | Reached skill level 4 in Translocations
  2013 | D:3      | Slain by an orc

Illustrated notes

Levels and vault maps discovered:
D:1:      dpeg_arrival_line_fractal, layout_basic,
          chequers_ecumenical_altar_simple_redux, st_stairs_10, minmay_tall_x
D:2:      layout_loops_ring
D:3:      layout_basic

Skill      XL: |  1  2  3  4  5 |
---------------+----------------+-----
Stealth        | 1 2 3 |  3.9
Translocations | 3 4 |  4.0
Fighting       | 2 |  2.6
Maces & Flails | |  2.9
Throwing       | |  1.0
Armour         | |  1.0
Spellcasting   | |  1.5

Action                     |  1- 3 |  4- 6 || total
---------------------------+-------+-------++-------
  Melee: Mace              |    87 |    69 ||   156
         Punch             |     1 |       ||     1
 Invoke: Fiery Armour      |       |     2 ||     2
    Use: Scroll            |       |     3 ||     3
   Stab: Sleeping          |       |     3 ||     3
 Armour: Robe              |     2 |       ||     2
         Ring mail         |    43 |    30 ||    73
  Dodge: Dodged            |    45 |    24 ||    69

Table legend: (Time is in decaauts)
 A = Elapsed time spent in this place.
 B = Non-inter-level travel time spent in this place.
 C = Inter-level travel time spent in this place.
 D = Time resting spent in this place.
 E = Time spent auto-exploring this place.
 F = Levels seen in this place.
 G = Mean time per level.
                   A        B        C        D        E       F      G
               +--------+--------+--------+--------+--------+-----+--------+
         Total |   2052 |   2010 |     42 |      0 |   1528 |   3 |  684.0 |
       Dungeon |   2052 |   2010 |     42 |      0 |   1528 |   3 |  684.0 |
               +--------+--------+--------+--------+--------+-----+--------+

Top non-repeatable levels by time:
     D:1: 836 daAuts
     D:2: 810 daAuts
     D:3: 405 daAuts
